 Dungeon Crawl Stone Soup version 0.21-a0-283-g622b906 (webtiles) character file.

12966 tilp the Cleaver (level 12, 0/103 HPs)
             Began as a Hill Orc Fire Elementalist on Sept 24, 2017.
             Was a High Priest of Okawaru.
             Hit by a large rock thrown by a cyclops (32 damage)
             ... on level 11 of the Dungeon.
             The game lasted 00:56:49 (15821 turns).

tilp the Cleaver (Hill Orc Fire Elementalist)      Turns: 15821, Time: 00:56:49

Health: 0/103      AC: 10    Str: 14    XL:     12   Next: 1%
Magic:  35/35      EV: 10    Int: 19    God:    Okawaru [*****.]
Gold:   207        SH:  0    Dex: 11    Spells: 9/27 levels left

rFire    . . .     SeeInvis +   x - +9 quick blade
rCold    . . .     Gourm    .   (no shield)
rNeg     . . .     Faith    .   V - +4 ring mail {rPois}
rPois    +         Spirit   .   (helmet restricted)
rElec    .         Reflect  .   (no cloak)
rCorr    .         Harm     .   (no gloves)
MR       +....                  p - +0 pair of boots
Stlth    +.........             d - amulet of regeneration
HPRegen  0.67/turn              v - ring of magical power
MPRegen  0.24/turn              (no ring)

@: very slightly contaminated
A: antennae 1, see invisible, high mp 1, magic resistance 1, strong 1
a: Heroism, Finesse, Renounce Religion


You were on level 11 of the Dungeon.
You worshipped Okawaru.
Okawaru was extremely pleased with you.
You were not hungry.

You visited 2 branches of the dungeon, and saw 14 of its levels.
You also visited: Sewer.

You collected 724 gold pieces.
You spent 517 gold pieces at shops.

Inventory:

Hand Weapons
 e - the cursed +1 war axe of the Genius {protect, +Fly Int+3}
   (You bought it in a shop on level 7 of the Dungeon)

   It protects the one who uses it against injury (+AC on strike).
   It affects your intelligence (+3).
   It lets you fly.
   It has a curse placed upon it.
 x - a +9 quick blade (weapon)
 E - a +5 battleaxe
 F - a +4 dire flail of freezing
 L - a +5 hand axe
 R - a +2 lajatang of protection
Missiles
 k - 2 javelins of returning (quivered)
 w - 18 tomahawks
Armour
 p - a +0 pair of boots (worn)
 u - a +0 helmet
 z - a +2 leather armour of magic resistance
 H - a +1 ring mail of fire resistance
 S - a +0 troll leather armour
 V - a +4 ring mail of poison resistance (worn)
Magical Staves
 G - a cursed staff of death {unknown}
Jewellery
 d - an amulet of regeneration (around neck)
 v - a ring of magical power (left hand)
Wands
 I - a wand of polymorph (0/24)
 O - a wand of flame (21/48)
 P - a wand of iceblast (6/15)
Scrolls
 c - a scroll of magic mapping
 j - 3 scrolls of fog
 l - 10 scrolls of teleportation
 m - 9 scrolls of remove curse
 q - 4 scrolls of fear
 y - 3 scrolls of amnesia
 A - 4 scrolls of blinking
 B - 3 scrolls of enchant weapon
 M - a scroll of vulnerability {unknown}
Potions
 a - 4 potions of cancellation
 h - 2 potions of mutation
 i - 4 potions of heal wounds
 n - 3 potions of lignification
 r - 7 potions of curing
 t - 4 potions of brilliance
 J - 2 potions of might
 T - 2 potions of magic
Books
 K - a book of Minor Magic

   Spells                             Type                      Level
   a - Magic Dart                     Conjuration                  1
   b - Blink                          Translocation                2
   c - Call Imp                       Summoning                    2
   d - Slow                           Hexes                        2
   e - Conjure Flame                  Conjuration/Fire             3
   f - Mephitic Cloud                 Conjuration/Poison/Air       3
 U - a book of Enchantments

   Spells                             Type                      Level
   a - Cause Fear                     Hexes                        4
   b - Yara's Violent Unravelling     Hexes/Transmutation          5
   c - Silence                        Hexes/Air                    5
   d - Deflect Missiles               Charms/Air                   6
   e - Discord                        Hexes                        8
Miscellaneous
 Q - a phantom mirror
 W - a lamp of fire
Comestibles
 b - 4 chunks of flesh
 D - 5 meat rations
 N - 4 bread rations


   Skills:
 + Level 8.5 Fighting
 + Level 9.5 Axes
 - Level 1.5 Dodging
 - Level 1.5 Stealth
 + Level 8.0 Spellcasting
 - Level 8.4 Conjurations
 - Level 9.0 Fire Magic
 - Level 6.1 Invocations


You had 9 spell levels left.
You knew the following spells:

 Your Spells              Type           Power        Failure   Level  Hunger
a - Flame Tongue          Conj/Fire      #####        1%          1    None
b - Throw Flame           Conj/Fire      #####.       1%          2    None
c - Conjure Flame         Conj/Fire      #####...     1%          3    None
d - Sticky Flame          Conj/Fire      #####...     4%          4    ###....
e - Fireball              Conj/Fire      #####.....   14%         5    #####..
f - Magic Dart            Conj           ####         1%          1    None
g - Blink                 Tloc           N/A          28%         2    None


Dungeon Overview and Level Annotations

Branches:
Dungeon (13/15)            Temple (1/1) D:6            Lair (0/6) D:10
    Orc (0/2) D:12
 Vaults: D:13-14

Altars:
Ashenzari
Cheibriados
Dithmenos
Elyvilon
Fedhas
Gozag
Hepliaklqana
Kikubaaqudgha
Makhleb
Nemelex Xobeh
Okawaru
Qazlal
Ru
Sif Muna
Trog
Uskayaw
Wu Jian
Xom
Yredelemnul
Zin
The Shining One

Shops:
D:7 (   D:8 }   D:9 ?

Annotations:
D:2 Sigmund
D:6 removed's ghost, novice DgWz
D:7 Pikel


Innate Abilities, Weirdness & Mutations

You have a pair of small antennae on your head.
You have supernaturally acute eyesight. (SInv)
You have an increased reservoir of magic. (+10% MP)
You are resistant to hostile enchantments. (MR+)
Your muscles are strong. (Str +2)


Message History

The centaur skeleton hits you!
You puncture the centaur skeleton!
The centaur skeleton is almost destroyed.
The centaur skeleton barely misses you.
You hit the centaur skeleton.
You destroy the centaur skeleton!
Okawaru accepts your kill.
You gain the combat prowess of a mighty hero.
The cyclops throws a large rock.
The large rock hits you! The cyclops hits you!!
* * * LOW HITPOINT WARNING * * *
Blink to where?
Press: ? - help, Dir - move target cursor You are very lightly contaminated with residual magic.
As you read the scroll of blinking, it crumbles to dust.
You feel like a meek peon again.
There is a stone staircase leading up here.
You start resting.
The cyclops throws a large rock.
The large rock hits you!!
You die...

..#*,*,,............,,,*****,*,**
..+,,,,,...........,,,,,,,,,,,,,,
..####,,,.........#****.#***,*,**
..'..#,,,.........# #.# **+*,,,
..##.#.###+*#.....## #.# *,,,#**
..#<.......##......## #.# *,,.+,,
..##.#......#.......###.###,..#*,
..##.######.#....#..#.....,....*,
..##.# *,#...@...#.#.##....#*,
?.##.# *,#...........(......,,
..##.# *,#...(##C###.##.#...,,
.###.#*****,#....#..#........###+
.# *.#,,,,,,##+#.##.#.#.##.......
.# *,*,,,,,,............?........
,* *,*,*****##......#.#.#........
,* *,*,* #...##...#.#........ ,*
*,*,* #...###.รท#.#........


You could see a cyclops.

Vanquished Creatures
  A hydra (D:10)
  4 two-headed ogres
  2 unseen horrors (D:10)
  A deep elf mage (D:10)
  2 cyclopes
  A freezing wraith (D:10)
  A troll (D:9)
  A hippogriff (D:10)
  4 yaks (D:10)
  A spriggan (D:8)
  2 wyverns
  Grum (D:10)
  3 hungry ghosts
  5 sky beasts
  3 orc warriors
  A black bear (D:8)
  6 ice beasts
  2 necrophages
  2 ogres
  2 phantoms
  2 centaurs
  4 wolves (D:10)
  3 big kobolds
  4 bullfrogs
  10 scorpions
  8 wights
  14 killer bees
  A howler monkey (D:4)
  2 crimson imps (D:10)
  2 bullfrog zombies
  4 jellies
  2 hounds
  A centaur zombie (D:5)
  3 orc priests
  2 iguanas
  4 orc wizards
  3 centaur skeletons
  8 worker ants
  A bullfrog simulacrum (D:10)
  A howler monkey skeleton (D:4)
  A river rat (Sewer)
  2 adders
  4 shadow imps
  4 oozes
  2 adder skeletons
  8 worms
  2 dart slugs
  6 leopard geckos
  26 orcs
  4 giant cockroaches
  9 goblins
  6 hobgoblins
  10 jackals
  A quokka (D:3)
  5 ball pythons
  9 bats
  11 frilled lizards
  13 kobolds
  A leopard gecko skeleton (D:6)
  12 rats
260 creatures vanquished.

Notes
Turn   | Place    | Note
-------+----------+-------------------------------------------
     0 | D:1      | tilp the Hill Orc Fire Elementalist began the quest for the Orb.
     0 | D:1      | Reached XP level 1. HP: 14/14 MP: 3/3
   450 | D:1      | Reached XP level 2. HP: 15/20 MP: 2/4
   576 | D:1      | Learned a level 2 spell: Throw Flame
  1053 | D:1      | Reached XP level 3. HP: 26/26 MP: 5/5
  2007 | D:2      | Noticed Sigmund
  2400 | D:3      | Found an iron altar of Okawaru.
  2409 | D:3      | Became a worshipper of Warmaster Okawaru
  2444 | D:3      | Learned a level 3 spell: Conjure Flame
  2450 | D:3      | Reached XP level 4. HP: 16/33 MP: 1/7
  2797 | D:3      | Noticed a black bear
  3130 | D:3      | Reached XP level 5. HP: 38/38 MP: 0/8
  3928 | D:4      | Reached * piety under Okawaru
  3928 | D:4      | Reached skill level 5 in Fire Magic
  3928 | D:4      | Reached XP level 6. HP: 45/45 MP: 1/10
  4121 | D:4      | Noticed a sky beast
  4146 | D:3      | Killed a sky beast
  4150 | D:3      | Gained mutation: You have a pair of small antennae on your head. [mutagenic meat]
  4151 | D:3      | Gained mutation: You have an increased reservoir of magic. (+10% MP) [mutagenic meat]
  4152 | D:3      | Gained mutation: You have supernaturally acute eyesight. (SInv) [mutagenic meat]
  4153 | D:3      | Gained mutation: Your muscles are strong. (Str +2) [mutagenic meat]
  4154 | D:3      | Gained mutation: You are resistant to hostile enchantments. (MR+) [mutagenic meat]
  4313 | D:4      | You fall through a shaft!
  4313 | D:5      | Entered Level 5 of the Dungeon
  4615 | D:4      | Learned a level 4 spell: Sticky Flame
  4756 | D:4      | Reached XP level 7. HP: 50/50 MP: 0/13
  5554 | D:5      | Reached ** piety under Okawaru
  5665 | D:5      | Reached skill level 5 in Conjurations
  5806 | D:5      | Reached XP level 8. HP: 57/57 MP: 9/15
  6206 | D:5      | Learned a level 5 spell: Fireball
  6968 | D:6      | Found a glowing drain.
  6971 | D:6      | Reached *** piety under Okawaru
  7043 | Sewer    | Entered a sewer
  7589 | D:6      | Noticed removed's ghost (novice DgWz)
  7610 | D:6      | Reached XP level 9. HP: 59/62 MP: 18/18
  7670 | D:6      | Reached skill level 5 in Spellcasting
  8737 | D:6      | Found a staircase to the Ecumenical Temple.
  8746 | Temple   | Entered the Ecumenical Temple
  9191 | D:7      | Found Demminu's Weapon Shoppe.
  9194 | D:7      | Bought the cursed +1 war axe of the Genius {protect, +Fly Int+3} for 216 gold pieces
  9204 | D:7      | Noticed Pikel
  9236 | D:7      | Learned a level 1 spell: Magic Dart
  9239 | D:7      | Learned a level 2 spell: Blink
 10056 | D:8      | Reached **** piety under Okawaru
 10056 | D:8      | Reached skill level 1 in Axes
 10056 | D:8      | Reached skill level 1 in Invocations
 10110 | D:8      | Reached skill level 1 in Fighting
 10577 | D:8      | Reached XP level 10. HP: 73/73 MP: 13/20
 11165 | D:8      | Found Xeneuh Nogoa's Gadget Shop.
 11694 | D:9      | Noticed a two-headed ogre
 11705 | D:9      | Killed a two-headed ogre
 12061 | D:9      | Reached ***** piety under Okawaru
 12312 | D:9      | Found Woclup's Magic Scroll Boutique.
 12315 | D:9      | Bought a scroll of remove curse for 42 gold pieces
 12315 | D:9      | Bought a scroll of identify for 28 gold pieces
 12315 | D:9      | Bought a scroll of identify for 28 gold pieces
 12315 | D:9      | Bought a scroll of remove curse for 42 gold pieces
 12315 | D:9      | Bought a scroll of fear for 49 gold pieces
 12315 | D:9      | Bought a scroll of random uselessness for 14 gold pieces
 12315 | D:9      | Bought a scroll of remove curse for 42 gold pieces
 12315 | D:9      | Bought a scroll of identify for 28 gold pieces
 12315 | D:9      | Bought a scroll of identify for 28 gold pieces
 12372 | D:9      | Reached skill level 5 in Axes
 12638 | D:10     | Entered Level 10 of the Dungeon
 12656 | D:10     | Noticed a two-headed ogre
 12664 | D:10     | Killed a two-headed ogre
 12664 | D:10     | Received a gift from Okawaru
 12664 | D:10     | Reached skill level 5 in Fighting
 12664 | D:10     | Reached skill level 5 in Invocations
 12972 | D:10     | Found a staircase to the Lair.
 12991 | D:10     | Noticed a five-headed hydra
 13001 | D:10     | Killed a five-headed hydra
 13001 | D:10     | Reached XP level 11. HP: 19/88 MP: 12/23
 13669 | D:10     | Noticed an unseen horror
 13686 | D:10     | Killed an unseen horror
 14104 | D:10     | You fall through a shaft for 3 floors!
 14135 | D:12     | Noticed a skeletal warrior
 14135 | D:12     | Noticed a skeletal warrior
 14135 | D:12     | Noticed a skeletal warrior
 14151 | D:11     | Noticed a cyan ugly thing
 14158 | D:11     | Noticed a cyclops
 14248 | D:10     | Noticed a two-headed ogre
 14259 | D:10     | Killed a two-headed ogre
 14275 | D:10     | Noticed a cyclops
 14282 | D:10     | Killed a cyclops
 14714 | D:10     | Noticed an unseen horror
 14718 | D:10     | Killed an unseen horror
 14718 | D:10     | Received a gift from Okawaru
 14731 | D:10     | Noticed a two-headed ogre
 14782 | D:10     | Killed a two-headed ogre
 15071 | D:10     | Noticed Grum
 15102 | D:10     | Noticed a deep elf mage
 15113 | D:10     | Killed a deep elf mage
 15259 | D:10     | Killed Grum
 15713 | D:11     | Killed a cyclops
 15780 | D:11     | Noticed a cyclops
 15791 | D:11     | Reached XP level 12. HP: 61/103 MP: 26/26
 15821 | D:11     | Hit by a large rock thrown by a cyclops

Vault maps used:
D:1:      giann_wishing_wells, nrook_loot_triangle, minmay_tromino_i2
D:2:      kennysheep_cross_room, uniq_sigmund
D:3:      minmay_tree_intersection, kennysheep_cross_bottleneck, st_stairs_12,
          okawaru_metal_pillars_3
D:4:      first_bread
D:5:      item_on_display_a
D:6:      temple_fountains, cheibrodos_sewer_entry_bend
D:7:      nicolae_overflow_hidden_temple, serial_curves, eino_curves_04,
          eino_curves_02, serial_shops, nicolae_shop_behind_doors, uniq_pikel
D:8:      serial_shops, shop, the_bakery
D:9:      serial_shops, kennysheep_mini_moat
D:10:     minmay_the_grid_triangle_9x9_recursive_2, dpeg_oklobed_lair, uniq_grum
D:12:     orc_0_dummy, serial_column_ruins, column_ruins_square_large,
          column_ruins_hut, column_ruins_grid_1, column_ruins_corridor_straight,
          column_ruins_open_tiny, column_ruins_open_small, column_ruins_grid_3,
          column_ruins_open_small, uniq_harold, uniq_erolcha
D:13:     disabler_island
Temple:   regret_index_temple_sigil_plot
Sewer:    sewer_co_15_rooms

Skill      XL: |  1  2  3  4  5  6  7  8  9 10 11 |
---------------+----------------------------------+-----
Fire Magic     | 4 5 6 7 9 |  9.0
Spellcasting   | 2 3 4 6 8 |  8.0
Conjurations   | 2 3 4 5 6 7 8 |  8.4
Axes           | 2 6 9 |  9.5
Invocations    | 2 6 |  6.1
Fighting       | 1 5 8 |  8.5
Dodging        | |  1.5
Stealth        | |  1.5

Action                   |  1- 3 |  4- 6 |  7- 9 | 10-12 || total
-------------------------+-------+-------+-------+-------++-------
Melee: Dagger            |   111 |   120 |   179 |    49 ||   459
       Unarmed           |    10 |       |       |       ||    10
       Quick blade       |       |       |       |   132 ||   132
       Dire flail        |       |       |       |     4 ||     4
Throw: Javelin           |       |     2 |       |     2 ||     4
       Tomahawk          |       |     1 |       |     7 ||     8
 Cast: Flame Tongue      |    43 |    39 |   148 |   146 ||   376
       Throw Flame       |     1 |     4 |    18 |     7 ||    30
       Conjure Flame     |       |     5 |    19 |    28 ||    52
       Sticky Flame      |       |       |    14 |    20 ||    34
Invok: Heroism           |       |     1 |       |     2 ||     3
Evoke: Wand              |       |       |     7 |       ||     7
  Use: Scroll            |       |     5 |     9 |    16 ||    30
       Potion            |       |       |     2 |     1 ||     3
 Stab: Sleeping          |     2 |     1 |     2 |       ||     5
  Eat: Chunk             |     6 |    11 |     8 |    10 ||    35
       Bread ration      |     1 |       |     3 |       ||     4
       Meat ration       |       |     1 |       |       ||     1
       Royal jelly       |       |       |     1 |     2 ||     3
       Fruit             |       |       |       |     3 ||     3
Armor: Robe              |    37 |    15 |       |       ||    52
       Leather armour    |       |     1 |    52 |    32 ||    85
       Ring mail         |       |       |       |    11 ||    11
Dodge: Dodged            |   117 |    53 |   134 |    81 ||   385

Table legend:
 A = Spawn XP
 B = Non-spawn XP
 C = Spawn XP percentage of total XP
 D = Spawn monster count
 E = Non-spawn monster count
 F = Spawn count percentage of total count
 G = Total turns spent on level
                    A         B        C        D         E        F      G
               +---------+---------+-------+---------+---------+-------+---------
         Total |       0 |   18524 |   0.0 |       0 |     260 |   0.0 | 15821
               +---------+---------+-------+---------+---------+-------+---------
           D:1 |       0 |      40 |   0.0 |       0 |      25 |   0.0 |  1494
           D:2 |       0 |      20 |   0.0 |       0 |      12 |   0.0 |   847
           D:3 |       0 |     283 |   0.0 |       0 |      35 |   0.0 |  1793
           D:4 |       0 |     559 |   0.0 |       0 |      20 |   0.0 |  1170
           D:5 |       0 |    1156 |   0.0 |       0 |      24 |   0.0 |  1896
           D:6 |       0 |    1026 |   0.0 |       0 |      22 |   0.0 |  1105
           D:7 |       0 |     348 |   0.0 |       0 |       8 |   0.0 |   712
           D:8 |       0 |    2055 |   0.0 |       0 |      35 |   0.0 |  1822
           D:9 |       0 |    2079 |   0.0 |       0 |      13 |   0.0 |  1274
          D:10 |       0 |    9868 |   0.0 |       0 |      42 |   0.0 |  2684
          D:11 |       0 |     807 |   0.0 |       0 |       6 |   0.0 |   170
         Sewer |       0 |     283 |   0.0 |       0 |      18 |   0.0 |   520
               +---------+---------+-------+---------+---------+-------+---------
